 Dungeon Crawl Stone Soup version 0.26-a0-651-gb41185065b (webtiles) character file.

Game seed: 7858264217458162106

25769 marklar909 the Zephyrmancer (level 13, 0/78 HPs)
             Began as a Tengu Air Elementalist on Sept 29, 2020.
             Was a High Priest of Vehumet.
             Slain by an orc warrior
             ... wielding a +0 trident
              (16 damage)
             ... on level 14 of the Dungeon.
             The game lasted 00:42:16 (24539 turns).

marklar909 the Zephyrmancer (TeAE)                 Turns: 24539, Time: 00:42:16

Health: 0/78       AC: 16    Str:  8    XL:     13   Next: 21%
Magic:  0/27       EV: 22    Int: 22    God:    Vehumet [*****.]
Gold:   451        SH:  0    Dex: 23    Spells: 18/31 levels left

rFire    . . .     SeeInvis .   a - +0 quarterstaff (spect)
rCold    . . .     Faith    .   (shield currently unavailable)
rNeg     + + .     Spirit   +   M - +0 acid dragon scales
rPois    +         Reflect  .   C - +2 hat
rElec    .         Harm     .   N - +2 cloak of Spite {+Inv rN+}
rCorr    +         Rampage  .   e - +2 pair of gloves
MR       .....                  (boots unavailable)
Stlth    ++........             s - amulet of Xuakoumn {Spirit rPois rN+ Dex+3}
HPRegen  0.23/turn              w - +6 ring of dexterity
MPRegen  0.20/turn              (no ring)

@: flying quickly and evasively, quick
A: beak, talons 3, able to fly
a: Stop Flying, Renounce Religion, Evoke Invisibility


You were on level 14 of the Dungeon.
You worshipped Vehumet.
Vehumet was extremely pleased with you.
You visited 2 branches of the dungeon, and saw 15 of its levels.
You also visited: Bailey.

You collected 1149 gold pieces.
You spent 698 gold pieces at shops.

Inventory:

Hand Weapons
 a - a +0 spectral quarterstaff (weapon)
 y - a +0 quarterstaff
Armour
 e - a +2 pair of gloves (worn)
 B - a +0 buckler
 C - a +2 hat (worn)
 M - +0 acid dragon scales (worn)
 N - the +2 cloak of Spite (worn) {+Inv rN+}
   (You found it in a bailey)

   It protects you from negative energy.
   It lets you turn invisible.
 R - the +0 pair of gloves of Cowardice {*Contam +Blink MR+ Dex+2}
   (You bought it in a shop on level 14 of the Dungeon)

   It affects your dexterity (+2).
   It affects your resistance to hostile enchantments.
   It lets you blink.
   It causes magical contamination when unequipped.
Jewellery
 s - the amulet of Xuakoumn (around neck) {Spirit rPois rN+ Dex+3}
   (You acquired it in a bailey)

   [amulet of guardian spirit]

   It causes incoming damage to be split between your health and magic.
   It affects your dexterity (+3).
   It protects you from poison.
   It protects you from negative energy.
 w - a +6 ring of dexterity (left hand)
 P - an uncursed ring of magical power {unknown}
Wands
 u - a wand of polymorph (9)
 x - a wand of digging (6)
 E - a wand of iceblast (17)
 O - a wand of paralysis (6)
Scrolls
 d - 2 scrolls of enchant armour
 f - a scroll of identify
 k - 3 scrolls of magic mapping
 l - a scroll of immolation
 m - 3 scrolls of teleportation
 o - 2 scrolls of fog
 p - 3 scrolls of remove curse
 v - 2 scrolls of blinking
 z - a scroll of amnesia {unknown}
 A - 4 scrolls of fear
 G - a scroll of noise {unknown}
 H - a scroll of torment {unknown}
 I - a scroll of enchant weapon {unknown}
 J - a scroll of holy word {unknown}
 L - 2 scrolls of summoning {unknown}
Potions
 b - 3 potions of flight
 c - 3 potions of magic
 g - 3 potions of lignification
 h - a potion of invisibility {unknown}
 i - 3 potions of haste {unknown}
 j - 5 potions of heal wounds
 n - 9 potions of curing
 q - 2 potions of brilliance
 r - 4 potions of berserk rage
 t - 4 potions of stabbing
 D - 2 potions of might {unknown}
 F - a potion of ambrosia {unknown}
 K - 2 potions of resistance {unknown}
Miscellaneous
 Q - a condenser vane (1/2)


   Skills:
 * Level 8.1 Fighting
 + Level 2.2 Staves
 + Level 6.0 Armour
 * Level 8.8 Dodging
 - Level 2.0 Stealth
 * Level 3.9 Shields
 + Level 9.9 Spellcasting
 * Level 11.0 Conjurations
 + Level 13.8 Air Magic
 * Level 2.9 Earth Magic
 + Level 1.0 Evocations


You had 18 spell levels left.
You knew the following spells:

 Your Spells              Type           Power        Failure   Level
a - Shock                 Conj/Air       ####         1%          1
b - Airstrike             Air            ######....   1%          4
c - Lightning Bolt        Conj/Air       ######....   1%          5
d - Stone Arrow           Conj/Erth      #####.       1%          3

Your spell library contained the following spells:

 Spells                   Type           Power        Failure   Level
 Corpse Rot               Necr/Air       N/A          1%          2
 Poisonous Vapours        Pois/Air       #####.       1%          2
 Swiftness                Air            ######..     1%          2
 Static Discharge         Conj/Air       ######..     1%          3
 Animate Skeleton         Necr           ##....       10%         1
 Apportation              Tloc           ##....       10%         1
 Corona                   Hex            ##.....      10%         1
 Summon Small Mammal      Summ           ##..         10%         1
 Confusing Touch          Hex            ##......     30%         3
 Gell's Gravitas          Tloc           ##........   30%         3
 Spider Form              Tmut/Pois      ##........   30%         3
 Petrify                  Tmut/Erth      ###.....     47%         4
 Yara's Violent Unravell  Hex/Tmut       ##........   54%         5
 Alistair's Intoxication  Tmut/Pois      ##.......    95%         5
 Excruciating Wounds      Necr           ##........   95%         5
 Metabolic Englaciation   Hex/Ice        ##........   95%         5


Dungeon Overview and Level Annotations

Branches:
Dungeon (15/15)            Temple (1/1) D:6            Lair (0/6) D:8
    Orc (0/2) D:9          Depths (0/5) D:15         Bailey (visited)
 Vaults: D:13-14

Altars:
Ashenzari
Dithmenos
Elyvilon
Okawaru
Ru
Uskayaw
Vehumet
Yredelemnul
Beogh

Shops:
D:5 (   D:7 *   D:12 !   D:14 **[


Innate Abilities, Weirdness & Mutations

You have a beak for a mouth.
You have claws for feet.
You can fly continuously.


Message History

Your spectral weapon closely misses the orc warrior.
The orc warrior completely misses you.
Unknown command.
You closely miss the orc warrior. You claw the orc warrior.
You peck the orc warrior, but do no damage.
The orc warrior is severely wounded.
Your spectral weapon hits the orc warrior but does no damage.
The orc warrior hits you with a +0 trident!
* * * LOW HITPOINT WARNING * * *
Unknown command.
Casting: Shock (safe; 1% risk of failure)
Confirm with . or Enter, or press ? or * to list all spells.
Aiming: Shock (safe; 1% risk of failure)
Press: ? - help, Shift-Dir - straight line The zap hits the orc warrior.
The orc warrior is severely wounded.
The zap hits the orc warrior but does no damage.
The orc warrior is severely wounded.
The orc warrior hits you with a +0 trident!
You die...

......###............#
......# #............#
......# #............#
.###### #########.####
## #.(.# #(### #.#
###o#### #..(@..#
###..)...# #........#
....#......#
#####..)...# #......#
#......# ##.#####
#..####


You could see an orc warrior and a friendly +0 spectral quarterstaff (summoned).

Vanquished Creatures
  An ironheart preserver (D:14)
  Erolcha (D:9)
  A hydra (D:14)
  3 centaur warriors
  Erica (D:8)
  2 two-headed ogres
  A tengu warrior (D:14)
  2 orc high priests (Bailey)
  A wizard (D:14)
  An orc knight (Bailey)
  Pikel (D:6)
  2 manticores
  An ugly thing (D:11)
  A cyclops (D:14)
  Psyche (D:8)
  A kobold demonologist (D:11)
  A komodo dragon (D:15)
  A tengu conjurer (D:14)
  3 meliai (D:15)
  3 trolls
  3 slime creatures
  4 hippogriffs
  7 yaks
  2 wraiths
  Grum (D:9)
  3 vampire mosquitoes (D:15)
  Menkaure (D:5)
  Edmund (D:4)
  A soldier ant (D:14)
  2 porcupines (D:8)
  Duvessa (D:6)
  2 sky beasts
  5 ice beasts
  17 orc warriors
  A black bear (D:10)
  A necrophage (D:10)
  A phantom (D:6)
  A hornet zombie (D:14)
  10 ogres
  2 wolves
  14 centaurs
  3 lemures
  A big kobold (D:9)
  9 bullfrogs
  A wyvern zombie (D:11)
  Dowan (D:6)
  10 scorpions
  9 wights
  5 electric eels (Bailey)
  A howler monkey (D:6)
  3 bullfrog zombies
  3 centaur zombies
  5 jellies
  6 hounds
  9 orc wizards
  8 orc priests
  Natasha (twice) (D:3)
  7 iguanas
  3 worker ants
  A hound zombie (D:11)
  A hound skeleton (D:7)
  A worker ant zombie (D:11)
  12 adders
  9 gnolls
  A river rat (shapeshifter) (D:14)
  4 shadow imps
  5 white imps
  5 ufetubi
  An adder skeleton (D:8)
  2 worms (D:3)
  9 leopard geckos
  48 orcs
  2 ball pythons
  4 giant cockroaches
  16 goblins
  18 hobgoblins
  6 jackals (D:1)
  4 quokkas
  13 bats
  6 frilled lizards
  2 jackal skeletons
  10 kobolds
  2 quokka skeletons
  A quokka zombie (D:6)
  6 rats
384 creatures vanquished.

Vanquished Creatures (others)
  An orc (D:10)
  19 fungi (D:8)
  22 plants
42 creatures vanquished.

Grand Total: 426 creatures vanquished

Notes
Turn   | Place    | Note
-------+----------+-------------------------------------------
     0 | D:1      | marklar909 the Tengu Air Elementalist began the quest for
                  | the Orb.
     0 | D:1      | Reached XP level 1. HP: 10/10 MP: 4/4
   236 | D:1      | Reached XP level 2. HP: 15/15 MP: 4/6
  1093 | D:1      | Reached skill level 5 in Air Magic
  1364 | D:1      | Reached XP level 3. HP: 19/19 MP: 5/7
  2114 | D:2      | Reached XP level 4. HP: 24/24 MP: 3/8
  2372 | D:2      | Learned a level 4 spell: Airstrike
  3086 | D:3      | Reached skill level 1 in Fighting
  3278 | D:3      | Noticed Natasha
  3369 | D:3      | Gained mutation: You can fly continuously. [Tengu growth]
  3369 | D:3      | Reached XP level 5. HP: 29/29 MP: 5/9
  4016 | D:3      | Found a shadowy altar of Dithmenos.
  4463 | D:4      | Reached skill level 6 in Air Magic
  4560 | D:4      | Reached XP level 6. HP: 26/35 MP: 2/11
  4741 | D:4      | Learned a level 5 spell: Lightning Bolt
  5330 | D:4      | Noticed Edmund
  5472 | D:3      | Killed Natasha
  5651 | D:3      | Noticed Natasha
  5672 | D:3      | Killed Natasha
  5835 | D:4      | Reached XP level 7. HP: 40/40 MP: 6/13
  6162 | D:4      | Killed Edmund
  6162 | D:4      | Reached skill level 1 in Armour
  6162 | D:4      | Reached skill level 7 in Air Magic
  6271 | D:5      | Entered Level 5 of the Dungeon
  6636 | D:5      | Noticed Menkaure
  6651 | D:5      | Killed Menkaure
  7275 | D:5      | Found Moter's Weapon Boutique.
  7283 | D:5      | Bought a +0 quarterstaff for 48 gold pieces
  7761 | D:6      | Reached XP level 8. HP: 45/45 MP: 6/15
  8120 | D:6      | Found a staircase to the Ecumenical Temple.
  8125 | D:6      | Reached skill level 5 in Conjurations
  8125 | D:6      | Reached skill level 8 in Air Magic
  8136 | Temple   | Entered the Ecumenical Temple
  8143 | Temple   | Became a worshipper of Vehumet
  8634 | D:6      | Found a white marble altar of Elyvilon.
  8867 | D:6      | Reached skill level 5 in Spellcasting
  9176 | D:6      | Noticed Pikel
  9490 | D:6      | Noticed Duvessa
  9490 | D:6      | Noticed Dowan
  9493 | D:6      | Killed Duvessa
  9493 | D:6      | Reached XP level 9. HP: 52/52 MP: 4/17
  9497 | D:6      | Killed Dowan
  9822 | D:6      | Killed Pikel
  9822 | D:6      | Reached skill level 5 in Dodging
  9822 | D:6      | Reached skill level 9 in Air Magic
 10451 | D:7      | Reached * piety under Vehumet
 10451 | D:7      | Offered knowledge of Freeze by Vehumet.
 10686 | D:7      | Found Nunus's General Store.
 10692 | D:7      | Bought a +1 hat for 110 gold pieces
 11654 | D:7      | Reached skill level 10 in Air Magic
 11654 | D:7      | Reached XP level 10. HP: 58/58 MP: 11/20
 11848 | D:8      | Noticed Erica
 11941 | D:8      | Found a basalt altar of Yredelemnul.
 12435 | D:8      | Killed Erica
 12435 | D:8      | Reached skill level 5 in Fighting
 12435 | D:8      | Reached skill level 5 in Armour
 13028 | D:8      | Found an iron altar of Okawaru.
 13031 | D:8      | Noticed Psyche
 13036 | D:8      | Killed Psyche
 13292 | D:8      | Found a staircase to the Lair.
 13542 | D:9      | Offered knowledge of Sandblast by Vehumet.
 13711 | D:9      | Noticed Grum
 13715 | D:9      | Killed Grum
 13720 | D:9      | Reached ** piety under Vehumet
 13974 | D:9      | Reached skill level 11 in Air Magic
 14030 | D:9      | Noticed Erolcha
 14035 | D:9      | Killed Erolcha
 14035 | D:9      | Reached skill level 1 in Evocations
 14370 | D:9      | Reached XP level 11. HP: 64/64 MP: 14/23
 15873 | D:9      | Offered knowledge of Inner Flame by Vehumet.
 16014 | D:9      | Found a staircase to the Orcish Mines.
 16376 | D:9      | Found a roughly hewn altar of Beogh.
 16551 | D:10     | Entered Level 10 of the Dungeon
 16740 | D:10     | Noticed a two-headed ogre
 16749 | D:10     | Reached *** piety under Vehumet
 16863 | D:10     | Killed a two-headed ogre
 17056 | D:10     | Found a flagged portal.
 17147 | Bailey   | Entered a bailey
 17248 | Bailey   | Reached skill level 12 in Air Magic
 17736 | Bailey   | Offered knowledge of Dazzling Flash by Vehumet.
 17883 | Bailey   | Noticed an orc knight
 17893 | Bailey   | Killed an orc knight
 18103 | Bailey   | Noticed an orc high priest
 18200 | Bailey   | Killed an orc high priest
 18345 | Bailey   | Noticed an orc high priest
 18421 | Bailey   | Killed an orc high priest
 18594 | Bailey   | Found an iron altar of Okawaru.
 19024 | Bailey   | Got a brightly glowing cloak
 19035 | Bailey   | Identified the +2 cloak of Spite {+Inv rN+} (You found it
                  | in a bailey)
 19080 | Bailey   | Acquired the amulet of Xuakoumn {Spirit rPois rN+ Dex+3}
 19133 | D:10     | Reached **** piety under Vehumet
 19607 | D:11     | Reached XP level 12. HP: 72/72 MP: 3/25
 20369 | D:10     | Offered knowledge of Stone Arrow by Vehumet.
 20392 | D:10     | Learned a level 3 spell: Stone Arrow
 20590 | D:11     | Noticed a two-headed ogre
 20612 | D:11     | Killed a two-headed ogre
 20612 | D:11     | Reached skill level 10 in Conjurations
 20612 | D:11     | Reached skill level 1 in Earth Magic
 20865 | D:11     | Reached skill level 1 in Staves
 22525 | D:12     | Identified the Almanac of Vitriolic Evil
 22699 | D:12     | Found Gykihig's Distillery.
 22702 | D:12     | Bought a potion of heal wounds for 75 gold pieces
 22702 | D:12     | Bought 2 potions of lignification for 90 gold pieces
 22702 | D:12     | Bought a potion of curing for 45 gold pieces
 22702 | D:12     | Bought a potion of curing for 45 gold pieces
 22797 | D:12     | Reached skill level 13 in Air Magic
 22893 | D:12     | You are sucked into a shaft and drop 3 floors!
 22893 | D:15     | Entered Level 15 of the Dungeon
 22930 | D:15     | Reached skill level 1 in Shields
 22932 | D:15     | Noticed a centaur warrior
 22942 | D:15     | Killed a centaur warrior
 23336 | D:14     | Found Otutemad's Assorted Antiques.
 23563 | D:14     | Noticed a centaur warrior
 23568 | D:14     | Killed a centaur warrior
 23743 | D:14     | Noticed a centaur warrior
 23747 | D:14     | Killed a centaur warrior
 23941 | D:14     | Found Teibef's Assorted Antiques.
 23952 | D:14     | Found Epinn's Antique Armour Shop.
 23979 | D:14     | Bought a pair of pitted gloves for 285 gold pieces
 23979 | D:14     | Identified the +0 pair of gloves of Cowardice {*Contam
                  | +Blink MR+ Dex+2} (You bought it in a shop on level 14 of
                  | the Dungeon)
 24003 | D:14     | Noticed a six-headed hydra
 24010 | D:14     | Killed a six-headed hydra
 24010 | D:14     | Reached XP level 13. HP: 78/78 MP: 13/27
 24285 | D:14     | Reached ***** piety under Vehumet
 24516 | D:14     | Noticed an ironheart preserver
 24527 | D:14     | Killed an ironheart preserver
 24539 | D:14     | Slain by an orc warrior

Illustrated notes

Levels and vault maps discovered:
D:1:      saegor_arrival_simple_b, layout_basic, serial_co_window_serial,
          co_window_paths_b, co_window_corner_a, co_window_corner_a,
          co_window_paths_b, co_window_paths_b, co_window_2corner,
          co_window_2corner, co_window_corner_b, co_window_sun,
          co_window_paths_e, glass_columns_a, glass_columns_c, glass_columns_c,
          glass_columns_b, glass_columns_c
D:2:      layout_loops_ring
D:3:      layout_loops_corners, nicolae_dithmenos_through_a_glass_darkly,
          uniq_natasha
D:4:      layout_loops_ring, uniq_edmund
D:5:      layout_basic, serial_shops, kennysheep_little_box, uniq_menkaure
D:6:      layout_gridville, minmay_temple_entry_grid, elyvilon_altar_4,
          uniq_pikel, uniq_duvessa
D:7:      layout_basic, serial_shops, shop, kennysheep_generic_room_2
D:8:      layout_loops_ring, overflow_temple_1_default,
          grunt_lair_entry_orc_guard_hut, okawaru_metal_pillars_3, uniq_psyche,
          uniq_erica
D:9:      layout_irregular_city, minmay_orc_entry_temple_small,
          grunt_decor_fettered, uniq_grum, uniq_erolcha
D:10:     layout_gridville, enter_bailey_3
D:11:     layout_cave_pools, minmay_fractal_squares_gapless_5
D:12:     layout_loops_corners, serial_shops, shop_statue
D:14:     layout_roguey [special_room_orc], skrybe_vaults_entry_preservation,
          serial_shops, shop, shop_coins, nicolae_shop_overgrown_old_shop, shop,
          nicolae_shop_overgrown_old_shop, minmay_crystal_water,
          kennysheep_decorative_pillar, minmay_diced_spiral
D:15:     gammafunk_enter_depths_forms, layout_long_grid
Temple:   nicolae_temple_the_god_donut

Skill      XL: |  1  2  3  4  5  6  7  8  9 10 11 12 13 |
---------------+----------------------------------------+-----
Air Magic      | 5 6 7 8 10 11 12 13 | 13.8
Conjurations   | 2 3 4 5 6 7 9 10 11 | 11.0
Fighting       | 1 2 3 4 5 7 8 |  8.1
Dodging        | 3 4 5 6 7 8 |  8.8
Spellcasting   | 3 4 5 6 7 8 9 |  9.9
Armour         | 2 3 4 5 6 |  6.0
Evocations     | 1 |  1.0
Earth Magic    | 2 |  2.9
Staves         | 2 |  2.2
Shields        | 3 |  3.9
Stealth        | |  2.0

Action                   |  1- 3 |  4- 6 |  7- 9 | 10-12 | 13-15 || total
-------------------------+-------+-------+-------+-------+-------++-------
Melee: Unarmed           |     9 |       |       |       |       ||     9
       Kick              |     4 |       |     2 |    23 |     4 ||    33
       Peck              |     2 |       |       |    19 |     4 ||    25
       Quarterstaff      |       |       |     5 |    53 |    17 ||    75
 Cast: Shock             |    74 |   156 |    63 |    63 |     5 ||   361
       Airstrike         |       |     3 |    92 |   179 |    24 ||   298
       Lightning Bolt    |       |       |       |   162 |     7 ||   169
 Abil: Fly               |       |     1 |       |       |       ||     1
Evoke: Wand              |       |       |    10 |     5 |       ||    15
       Condenser vane    |       |       |       |       |     1 ||     1
  Use: Scroll            |     1 |       |     9 |    19 |       ||    29
       Potion            |       |       |     1 |     2 |       ||     3
 Stab: Confused          |       |       |     1 |       |       ||     1
       Distracted        |       |       |       |     1 |     1 ||     2
Armor: Robe              |     9 |     3 |    10 |     5 |       ||    27
       Leather armour    |       |       |       |    15 |       ||    15
       Acid dragon scale |       |       |       |    20 |     3 ||    23
Dodge: Dodged            |    21 |    12 |    26 |   201 |    18 ||   278

Table legend: (Time is in decaauts)
 A = Elapsed time spent in this place.
 B = Non-inter-level travel time spent in this place.
 C = Inter-level travel time spent in this place.
 D = Time resting spent in this place.
 E = Time spent auto-exploring this place.
 F = Levels seen in this place.
 G = Mean time per level.
                   A        B        C        D        E       F      G
               +--------+--------+--------+--------+--------+-----+--------+
         Total |  23789 |  22387 |   1402 |   6938 |  12393 |  16 | 1486.8 |
       Dungeon |  21872 |  20470 |   1402 |   6070 |  11755 |  14 | 1562.3 |
        Temple |     13 |     13 |      0 |      0 |      0 |   1 |   13.0 |
        Bailey |   1904 |   1904 |      0 |    868 |    638 |   1 | 1904.0 |
               +--------+--------+--------+--------+--------+-----+--------+

Top non-repeatable levels by time:
     D:8: 2476 daAuts
     D:7: 2204 daAuts
     D:3: 1963 daAuts
  Bailey: 1904 daAuts
     D:5: 1858 daAuts
     D:1: 1837 daAuts
     D:9: 1780 daAuts
     D:6: 1713 daAuts
     D:4: 1578 daAuts
    D:10: 1444 daAuts
    D:11: 1415 daAuts
    D:14: 1174 daAuts
     D:2: 1130 daAuts
    D:12: 861 daAuts
    D:15: 434 daAuts
